 Dungeon Crawl Stone Soup version 0.29.1-13-g9f3cf754e1 (webtiles) character file.

Game seed: 9307116743386441928

9663 Peruvius the Frost Mage (level 11, -5/104 (120) HPs)
             Began as an Ogre Wanderer on Feb 9, 2023.
             Was a Believer of Sif Muna.
             Slain by a soul eater (14 damage)
             ... on level 10 of the Dungeon.
             The game lasted 00:45:10 (14759 turns).

Peruvius the Frost Mage (Ogre Wanderer)            Turns: 14759, Time: 00:45:11

HP:   -5/104 (120)  AC:  8    Str: 26      XL:     11   Next: 50%
MP:   12/20         EV: 10    Int: 16      God:    Sif Muna [**....]
Gold: 725           SH:  0    Dex: 16 (17) Spells: 6/22 levels left

rFire   x . .      SeeInvis +     - Unarmed
rCold   + + +      Faith    .   (shield currently unavailable)
rNeg    . . .      Spirit   .   (body armour currently unavailable)
rPois   +          Reflect  .   (helmet currently unavailable)
rElec   .          Harm     .   (cloak currently unavailable)
rCorr   .          Rampage  .   (gloves unavailable)
Will    +....                   (boots unavailable)
Stlth   ..........              (no amulet)
HPRegen 0.27/turn               G - +6 ring of dexterity
MPRegen 0.17/turn               H - ring "Hiyf" {rPois rC+ Str+10 SInv Stlth-}

@: ice-form, heavily drained
A: freezing attack, amphibious, boosted hp, large, unfitting armour, (tough skin
1)
a: End Transformation, Renounce Religion, Channel Magic


You were on level 10 of the Dungeon.
You worshipped Sif Muna.
Sif Muna was pleased with you.
You were a creature of crystalline ice.
You visited 2 branches of the dungeon, and saw 11 of its levels.
You also visited: Ossuary.

You collected 725 gold pieces.

Inventory:

Hand Weapons
 k - a +5 dagger of speed (melded)
Missiles
 l - 25 poisoned darts (quivered)
Armour
 h - a scarf of resistance
 D - a +1 robe of willpower
 E - a +0 cloak (melded)
 F - a +2 hat of see invisible (melded)
 I - +0 acid dragon scales (melded)
Jewellery
 o - an amulet of guardian spirit
 C - the amulet "Faygh" {Faith rCorr Int+3 SInv}
   (You found it on level 10 of the Dungeon)

   [amulet of faith]

   It allows you to gain divine favour quickly.
   Int:       It affects your intelligence (+3).
   SInv:      It lets you see invisible.
   rCorr:     It protects you from acid and corrosion.
 G - a +6 ring of dexterity (left front paw)
 H - the ring "Hiyf" (right front paw) {rPois rC+ Str+10 SInv Stlth-}
   (You found it on level 8 of the Dungeon)

   [ring of protection from cold]

   Str:       It affects your strength (+10).
   rC:        It protects you from cold.
   rPois:     It protects you from poison.
   SInv:      It lets you see invisible.
   Stlth:     It makes you less stealthy.
 L - a +6 ring of strength
Wands
 b - a wand of charming (6)
 r - a wand of roots (8)
 B - a wand of flame (12)
 J - a wand of quicksilver (8)
Scrolls
 a - 3 scrolls of amnesia
 c - 2 scrolls of blinking
 d - 9 scrolls of teleportation
 m - 3 scrolls of enchant weapon
 n - 4 scrolls of enchant armour
 p - 3 scrolls of summoning
 s - a scroll of magic mapping
 t - a scroll of silence {unknown}
 v - a scroll of poison {unknown}
 w - 2 scrolls of fog {unknown}
 x - a scroll of fear {unknown}
 y - a scroll of brand weapon {unknown}
Potions
 e - a potion of lignification {unknown}
 f - 7 potions of heal wounds
 g - a potion of berserk rage {unknown}
 i - 4 potions of invisibility
 j - 8 potions of curing
 q - 2 potions of magic
 u - 4 potions of mutation
 z - 5 potions of ambrosia
 A - 2 potions of brilliance
 K - a potion of haste {unknown}
 M - a potion of might {unknown}


   Skills:
 - Level 4.2 Fighting
 - Level 1.0 Staves
 - Level 1.0 Throwing
 - Level 1.7 Dodging
 - Level 8.0 Unarmed Combat
 - Level 6.2 Spellcasting
 + Level 5.5 Conjurations
 - Level 8.0 Transmutations
 + Level 8.3 Ice Magic
 * Level 1.3 Air Magic
 - Level 3.0 Poison Magic
 - Level 1.0 Invocations


You had 6 spell levels left.
You knew the following spells:

 Your Spells              Type           Power      Damage    Failure   Level
a - Beastly Appendage     Tmut           60%        N/A       1%          1
b - Spider Form           Tmut/Pois      22%        N/A       4%          3
c - Ice Form              Ice/Tmut       31%        N/A       4%          4
d - Stone Arrow           Conj/Erth      26%        3d8       13%         3
e - Freezing Cloud        Conj/Ice/Air   10%        6-21      43%         5

Your spell library contained the following spells:

 Spells                   Type           Power      Damage    Failure   Level
 Wereblood                Tmut           30%        N/A       1%          2
 Ensorcelled Hibernation  Hex/Ice        36%        N/A       3%          2
 Passwall                 Tmut/Erth      14%        N/A       4%          2
 Ignite Poison            Fire/Tmut/Pois 16%        N/A       9%          3
 Mephitic Cloud           Conj/Pois/Air  15%        N/A       11%         3
 Swiftness                Air            9%         N/A       24%         3
 Gell's Gravitas          Tloc           4%         N/A       38%         3
 Teleport Other           Tloc           4%         N/A       38%         3
 Animate Armour           Summ/Erth      8%         N/A       80%         4
 Dispersal                Tloc           2%         N/A       100%        6
 Lehudib's Crystal Spear  Conj/Erth      6%         10d3      100%        8


Dungeon Overview and Level Annotations

Branches:
Dungeon (10/15)            Temple (1/1) D:5            Lair (0/5) D:9
Ossuary (visited)
    Orc: D:9-12

Altars:
Ashenzari
Cheibriados
Dithmenos
Elyvilon
Fedhas
Gozag
Hepliaklqana
Kikubaaqudgha
Makhleb
Nemelex Xobeh
Okawaru
Qazlal
Ru
Sif Muna
Trog
Uskayaw
Vehumet
Wu Jian
Xom
Yredelemnul
Zin
The Shining One

Shops:
D:4 *

Annotations:
D:8 1 runed translucent door, MacCMillion's ghost, novice OpTm
D:10 1 transporter, ANNNA's ghost, journeyman GnEE


Innate Abilities, Weirdness & Mutations

You are a creature of crystalline ice.
You have a powerful freezing melee attack.
You are amphibious.
Your maximum health is increased.
Your armour is entirely melded.
You are incapable of wielding weapons or throwing items.
You are too large for most types of armour.
((You have tough skin. (AC +1)))


Message History

The soul eater hits you!
You feel drained.
You pummel the soul eater!! You freeze the soul eater.
The soul eater is severely wounded.
The soul eater hits you!!
You feel drained.
You punch the soul eater! You freeze the soul eater.
The soul eater is almost dead.
You hit the soul eater.
The soul eater is almost dead.
The soul eater draws from the surrounding life force!
The soul eater is healed.
You punch the soul eater!
The soul eater is almost dead.
The soul eater hits you.
You feel drained.
You hit the soul eater but do no damage.
The soul eater is almost dead.
The soul eater draws from the surrounding life force!
* * * LOW HITPOINT WARNING * * *
The soul eater is healed.
You barely miss the soul eater.
The soul eater is severely wounded.
The soul eater hits you!
* * * LOW HITPOINT WARNING * * *
Your magical contamination has completely faded away.
You punch the soul eater!
The soul eater is almost dead.
The soul eater hits you.
* * * LOW HITPOINT WARNING * * *
You feel drained.
* * * LOW HITPOINT WARNING * * *
You punch the soul eater!
The soul eater is almost dead.
You hit the soul eater but do no damage.
The soul eater is almost dead.
The soul eater hits you.
* * * LOW HITPOINT WARNING * * *
You feel drained.
You barely miss the soul eater.
The soul eater is almost dead.
The soul eater hits you!
You die...

#..# #.4# ..# ..# '..#
#####..### ........#
#.######.3....#
#.#....#.Y....#
##.#....#......# ##
##..#....#......# .#
#...#....'......# .##
##...#....#......#
..###....#....#......#
.........#....#...####
.........######...#
..................#


You could see a soul eater and a hellwing (wandering).

Vanquished Creatures
  Gastronok (D:8)
  A two-headed ogre (D:9)
  3 death yaks (D:9)
  Joseph (D:8)
  A komodo dragon (D:9)
  A hellwing (D:9)
  Sigmund (D:4)
  A shadow (D:10)
  3 yaks
  A steam dragon (D:9)
  Grum (D:9)
  An acid dragon (D:9)
  2 water moccasins
  2 black bears
  2 ice beasts
  2 ogres
  4 orc warriors
  2 centaurs
  2 wolves (D:9)
  2 phantoms (D:5)
  2 kobold brigands (D:8)
  3 bullfrogs
  A gnoll sergeant (D:6)
  2 scorpions (D:5)
  2 necrophages
  3 wights (D:4)
  An electric eel (D:10)
  7 howler monkeys
  7 crimson imps (D:9)
  2 quasits (D:10)
  2 centaur zombies (Ossuary)
  2 human zombies (Ossuary)
  2 hounds
  3 jellies
  5 orc priests
  An iguana (D:5)
  Jessica (D:2)
  Natasha (twice) (D:2)
  15 orc wizards
  3 hell rats (D:9)
  6 mummies
  7 gnolls
  14 adders
  A shadow imp (D:7)
  3 white imps
  An ufetubus (D:5)
  5 dart slugs
  32 orcs
  2 bats
  6 endoplasms
  5 giant cockroaches
  2 gnoll zombies (Ossuary)
  9 goblins
  9 hobgoblins
  4 jackals (D:5)
  7 quokkas
  10 ball pythons
  6 frilled lizards
  16 kobolds
  A kobold zombie (Ossuary)
  An orc zombie (Ossuary)
  6 rats
253 creatures vanquished.

Vanquished Creatures (others)
  3 demonic plants (D:10)
3 creatures vanquished.

Grand Total: 256 creatures vanquished

Notes
Turn   | Place    | Note
-------+----------+-------------------------------------------
     0 | D:1      | Peruvius the Ogre Wanderer began the quest for the Orb.
     0 | D:1      | Peruvius set off with the following items: a +0
                  | quarterstaff, a +0 robe, a scroll of blinking; and the
                  | following spell memorised: Beastly Appendage; and the
                  | following spells available to memorise: Wereblood, Ice
                  | Form.
     0 | D:1      | Reached XP level 1. HP: 16/16 MP: 2/2
    29 | D:1      | Found a faded altar of an unknown god.
    43 | D:1      | Reached skill level 1 in Unarmed Combat
   265 | D:1      | Reached XP level 2. HP: 24/24 MP: 3/3
   280 | D:1      | You fall into a shaft and drop 1 floor!
   877 | D:1      | Reached skill level 1 in Fighting
   877 | D:1      | Reached XP level 3. HP: 33/33 MP: 4/4
   918 | D:2      | Noticed Jessica
   936 | D:2      | Learned a level 3 spell: Spider Form
   991 | D:2      | Killed Jessica
  1220 | D:2      | Reached XP level 4. HP: 38/45 MP: 5/5
  1297 | D:2      | Noticed Natasha
  1305 | D:2      | Killed Natasha
  1778 | D:2      | Reached XP level 5. HP: 52/54 MP: 2/6
  2164 | D:2      | Noticed Natasha
  2169 | D:2      | Killed Natasha
  2524 | D:3      | Reached skill level 1 in Poison Magic
  2701 | D:3      | Reached XP level 6. HP: 47/62 MP: 5/7
  3035 | D:4      | Found a sand-covered staircase.
  3099 | Ossuary  | Entered an ossuary
  3385 | Ossuary  | Reached XP level 7. HP: 51/70 MP: 9/11
  3550 | D:4      | Learned a level 4 spell: Ice Form
  3583 | D:4      | Noticed Sigmund
  3592 | D:4      | Killed Sigmund
  3593 | D:4      | Reached skill level 5 in Transmutations
  4061 | D:4      | Found Tuufoed's General Store.
  4453 | D:4      | Reached skill level 1 in Ice Magic
  4555 | D:4      | Reached XP level 8. HP: 30/74 MP: 11/14
  4860 | D:5      | Entered Level 5 of the Dungeon
  4998 | D:4      | HP: 1/78 [poisoned by a water moccasin]
  5548 | D:5      | Noticed an air elemental
  5549 | D:5      | Found a stormy altar of Qazlal.
  5550 | D:5      | Noticed a water elemental
  5624 | D:5      | Found a staircase to the Ecumenical Temple.
  5643 | Temple   | Entered the Ecumenical Temple
  5680 | Temple   | Became a worshipper of Sif Muna the Loreminder
  6134 | D:5      | Reached skill level 5 in Spellcasting
  6455 | D:6      | Reached XP level 9. HP: 82/84 MP: 9/16
  7029 | D:6      | Reached * piety under Sif Muna
  7595 | D:6      | Reached skill level 5 in Unarmed Combat
  7622 | D:6      | Found a sacrificial altar of Ru.
  7814 | D:6      | Found a glowing golden altar of the Shining One.
  8703 | D:7      | Found an opulent altar of Gozag.
  8981 | D:7      | HP: 4/84 [poisoned by a killer bee]
  9571 | D:7      | Found a faded altar of an unknown god.
  9571 | D:7      | Found a blossoming altar of Fedhas.
  9579 | D:7      | Found a faded altar of an unknown god.
  9581 | D:7      | Found a white marble altar of Elyvilon.
  9583 | D:7      | Found a hide-covered altar of Uskayaw.
  9887 | D:8      | Noticed Joseph
  9903 | D:8      | Killed Joseph
  9904 | D:8      | Reached XP level 10. HP: 28/93 MP: 14/17
 10171 | D:8      | Found a runed translucent door.
 10180 | D:8      | Noticed MacCMillion's ghost (novice OpTm)
 10397 | D:8      | Learned a level 3 spell: Stone Arrow
 10523 | D:8      | Identified the ring "Hiyf" {rPois rC+ Str+10 SInv Stlth-}
 10810 | D:8      | Noticed Gastronok
 11184 | D:8      | Killed Gastronok
 11703 | D:9      | Noticed Grum
 11710 | D:9      | Reached skill level 5 in Ice Magic
 11717 | D:9      | Killed Grum
 11872 | D:9      | Noticed a death yak
 11872 | D:9      | Noticed a death yak
 11874 | D:9      | Found a staircase to the Lair.
 11876 | D:9      | Noticed a death yak
 12531 | D:9      | Killed a death yak
 12531 | D:9      | Reached ** piety under Sif Muna
 12789 | D:9      | Noticed a two-headed ogre
 12803 | D:9      | Killed a two-headed ogre
 12804 | D:9      | Reached skill level 5 in Conjurations
 12804 | D:9      | Reached XP level 11. HP: 72/100 MP: 8/20
 12948 | D:9      | Found a glowing silver altar of Zin.
 12953 | D:9      | Found a burning altar of Makhleb.
 12958 | D:9      | Found a sparkling altar of Nemelex Xobeh.
 13098 | D:9      | Learned a level 5 spell: Freezing Cloud
 13384 | D:9      | Killed a death yak
 13390 | D:9      | Killed a death yak
 13610 | D:10     | Entered Level 10 of the Dungeon
 13611 | D:10     | Noticed a soul eater
 13651 | D:10     | Found a transporter.
 14352 | D:10     | Noticed ANNNA's ghost (journeyman GnEE)
 14432 | D:10     | Reached skill level 1 in Air Magic
 14560 | D:10     | Identified the amulet "Faygh" {Faith rCorr Int+3 SInv}
 14759 | D:10     | Slain by a soul eater

Illustrated notes

Levels and vault maps discovered:
D:1:      ncdulo_lavacross, layout_rooms, shapermc_ecumenical_altar_pompeii,
          palyth_stone_intersect
D:2:      minmay_spotlight, layout_loops_corners, minmay_divided_ellipse,
          uniq_natasha, uniq_jessica
D:3:      layout_rooms, minmay_misc_feat_doors
D:4:      layout_basic, gup_ossuary_entry_pyramid, serial_shops, shop_coins,
          uniq_sigmund
D:5:      layout_loops_cross, nicolae_qazlal_style_of_elements,
          minmay_temple_entry_sparse_star, minmay_strange_pillars,
          kennysheep_small_square
D:6:      layout_loops_ring, nicolae_tso_carved_into_rock,
          nicolae_ru_sacrificial_ziggurat, kennysheep_nub, grunt_ministairs_1
D:7:      layout_layer_cave, amcnicky_altar_gilded,
          chequers_temple_overflow_minitemple, minmay_misc_feat_rugged
D:8:      layout_rooms, ebering_ghost_reflecting_pool, serial_curves,
          eino_curves_01, eino_curves_04, uniq_joseph, uniq_gastronok
D:9:      layout_stronghold, grunt_temple_overflow_diamond, dpeg_lair_monsters,
          minmay_nine_imps, uniq_grum
D:10:     minmay_polygon_palace, layout_irregular_city, serial_demonic,
          serial_demonic_f, serial_demonic_f, serial_demonic_d,
          serial_demonic_g, gammafunk_ghost_stat_death, minmay_misc_feat_plants,
          water_maze_lemuel
Temple:   hellmonk_temple_two_chambers

Skill      XL: |  1  2  3  4  5  6  7  8  9 10 11 |
---------------+----------------------------------+-----
Unarmed Combat | 1 2 7 8 |  8.0
Fighting       | 1 3 4 |  4.2
Transmutations | 4 6 8 |  8.0
Poison Magic   | 1 3 |  3.0
Spellcasting   | 3 4 5 6 |  6.2
Ice Magic      | 1 2 3 6 8 |  8.3
Conjurations   | 5 |  5.5
Air Magic      | 1 |  1.3
Staves         | |  1.0
Throwing       | |  1.0
Dodging        | |  1.7
Invocations    | |  1.0

Action                   |  1- 3 |  4- 6 |  7- 9 | 10-12 || total
-------------------------+-------+-------+-------+-------++-------
Melee: Quarterstaff      |    47 |       |       |       ||    47
       Kick              |     3 |    34 |    31 |    11 ||    79
       Headbutt          |     1 |    26 |    18 |     7 ||    52
       Dagger            |    32 |   177 |   192 |    72 ||   473
       Unarmed           |     6 |     8 |   184 |   176 ||   374
       Punch             |       |     3 |     5 |     3 ||    11
Throw: Dart              |       |     1 |     5 |     1 ||     7
 Cast: Beastly Appendage |     3 |    18 |    13 |     4 ||    38
       Spider Form       |     1 |     1 |     5 |       ||     7
       Ice Form          |       |       |    14 |    21 ||    35
       Stone Arrow       |       |       |       |     5 ||     5
  Use: Scroll            |       |     2 |     9 |     8 ||    19
       Potion            |       |       |     3 |       ||     3
 Stab: Sleeping          |       |     1 |       |       ||     1
Armor: Robe              |    21 |    36 |    44 |     8 ||   109
       Skin              |       |     1 |    53 |    42 ||    96
       Acid dragon scale |       |       |       |    27 ||    27
Dodge: Dodged            |    41 |    77 |   185 |   109 ||   412
